 Dungeon Crawl Stone Soup version 0.27.1-3-gb3d3a73c9e (webtiles) character file.

Game seed: 3094192163030731610

1778 packetloss the Frost Mage (level 8, 0/56 HPs)
             Began as a Vampire Ice Elementalist on Oct 10, 2021.
             Was an Initiate of Gozag.
             Slain by Menkaure (15 damage)
             ... on level 6 of the Dungeon.
             The game lasted 00:22:46 (6097 turns).

packetloss the Frost Mage (VpIE)                    Turns: 6097, Time: 00:22:46

Health: 0/56       AC: 14    Str: 13    XL:     8   Next: 81%
Magic:  10/14      EV: 12    Int: 26    God:    Gozag
Gold:   577        SH:  0    Dex: 14    Spells: 3/15 levels left

rFire    . . .     SeeInvis +   j - +1 whip (elec)
rCold    . . .     Faith    .   (no shield)
rNeg     . . .     Spirit   .   a - +0 robe
rPois    .         Reflect  .   F - +0 helmet
rElec    .         Harm     .   (no cloak)
rCorr    .         Rampage  .   K - +0 pair of gloves
Will     .....                  g - +0 pair of boots
Stlth    +++.......             (no amulet)
HPRegen  0.38/turn              i - +6 ring of strength
MPRegen  0.14/turn              w - +6 ring of intelligence

@: ice-armoured, healing quickly
A: alive, fangs 3, see invisible, vampiric 2
a: Exsanguinate, Renounce Religion, Potion Petition, Call Merchant, Bribe Branch


You were on level 6 of the Dungeon.
You worshipped Gozag.
Gozag was pleased with you.
You visited 1 branch of the dungeon, and saw 6 of its levels.
You also visited: Ossuary.

You collected 630 gold pieces.
You paid 53 gold pieces to Gozag.

Inventory:

Hand Weapons
 e - a +0 whip
 j - a +1 whip of electrocution (weapon)
 l - a +0 dagger
 m - a +2 hand axe of freezing
 r - a +0 short sword
 B - a +1 morningstar of protection
 D - a +0 falchion
Missiles
 b - 64 stones
Armour
 a - a +0 robe (worn)
 g - a +0 pair of boots (worn)
 E - a +0 leather armour
 F - a +0 helmet (worn)
 K - a +0 pair of gloves (worn)
Magical Staves
 y - a staff of air
Jewellery
 i - a +6 ring of strength (left hand)
 w - a +6 ring of intelligence (right hand)
Wands
 u - a wand of paralysis (7)
 x - a wand of flame (14)
Scrolls
 k - 2 scrolls of holy word {unknown}
 n - a scroll of magic mapping {unknown}
 o - 3 scrolls of teleportation
 s - a scroll of amnesia {unknown}
 v - 3 scrolls of enchant armour
 H - a scroll of silence {unknown}
 I - a scroll of enchant weapon {unknown}
Potions
 c - 2 potions of mutation {unknown}
 d - a potion of heal wounds {unknown}
 f - 7 potions of curing {unknown}
 h - 3 potions of might {unknown}
 p - 2 potions of magic {unknown}
 q - 3 potions of berserk rage
 t - 4 potions of brilliance {unknown}
 z - a potion of invisibility {unknown}
 A - a potion of flight {unknown}
 G - a potion of haste {unknown}
 J - a potion of lignification {unknown}
Miscellaneous
 C - a piece from Xom's chessboard (15/15)


   Skills:
 - Level 2.0 Fighting
 - Level 2.6 Short Blades
 + Level 2.9 Maces & Flails
 - Level 2.1 Dodging
 - Level 5.0 Stealth
 - Level 4.0 Spellcasting
 - Level 5.0 Hexes
 + Level 9.0 Ice Magic


You had 3 spell levels left.
You knew the following spells:

 Your Spells              Type           Power      Damage    Failure   Level
a - Freeze                Ice            100%       1d11      1%          1
b - Frozen Ramparts       Ice            100%       1d12      1%          3
c - Ozocubu's Armour      Ice            51%        N/A       1%          3
d - Slow                  Hex            31%        N/A       1%          2
e - Confusing Touch       Hex            31%        N/A       3%          3

Your spell library contained the following spells:

 Spells                   Type           Power      Damage    Failure   Level
 Shock                    Conj/Air       20%        1d4       9%          1
 Swiftness                Air            5%         N/A       26%         3
 Vampiric Draining        Necr           2%         2d6       26%         3
 Hailstorm                Conj/Ice       28%        3d8       13%         4
 Airstrike                Air            2%         N/A       63%         4


Dungeon Overview and Level Annotations

Branches:
Dungeon (6/15)            Ossuary (visited)
 Temple: D:4-7

Altars:
Ashenzari
Gozag
Makhleb
Nemelex Xobeh
Okawaru
Sif Muna
Xom
Zin

Annotations:
D:5 exclusion: two-headed ogre
D:6 Menkaure


Innate Abilities, Weirdness & Mutations

Your natural rate of healing is accelerated.
You have razor-sharp teeth.
You have supernaturally acute eyesight. (SInv)
You are afflicted with vampirism and can become a bat while bloodless.


Message History

Menkaure blazes with dark energy!
Spoiler Alert: Menkaure can cast Torment!
You regained 3 mp, and now have 12/14 mp.
Menkaure gestures at you while chanting.
You struggle to resist.
Casting: Frozen Ramparts (safe; 1% risk of failure)
Confirm with . or Enter, or press ? or * to list all spells.
A film of ice covers your body! Menkaure casts a spell at you.
Pain shoots through your body!
Spoiler Alert: Menkaure can cast Torment!
You take 5 damage, and have 51/56 hp.
You now have 10/14 mp.
You hit Menkaure. You bite Menkaure.
Menkaure is lightly damaged.
Menkaure calls on the powers of darkness!
Your body is wracked with pain!
You take 24 damage, and have 27/56 hp.
MASSIVE DAMAGE!!
Unknown command.
Spoiler Alert: Menkaure can cast Torment!
Unknown command.
You are too injured to fight recklessly!
You are too injured to fight recklessly!
You hit Menkaure but do no damage.
Menkaure is lightly damaged.
You hit Menkaure.
Menkaure is lightly damaged.
Menkaure calls on the powers of darkness!
Your body is wracked with pain!
* * * LOW HITPOINT WARNING * * *
Spoiler Alert: Menkaure can cast Torment!
You take 12 damage, and have 15/56 hp.
MASSIVE DAMAGE!!
Unknown command.
You barely miss Menkaure.
Menkaure is lightly damaged.
Menkaure barely misses you.
You hit Menkaure. Lightning courses through Menkaure!
Menkaure is almost destroyed.
Menkaure hits you!
You die...
Your body crumbles into a pile of gold.

........###....
............. ##...
.....###+######....
....# ##...... #...#
#....... ###...
#....... ##.#..##
##......
##......###+######....
#...M@.........###....
#......#....##......#..
##....###..........####
##... #.......#.##
#..#. #.......### ##...
###.#...# # .# #.##..#
## #######


You could see Menkaure.

Vanquished Creatures
  Pikel (D:6)
  A water moccasin (D:6)
  An ice beast (D:6)
  A sky beast (D:5)
  An ogre (D:5)
  A centaur (D:6)
  An elf zombie (Ossuary)
  3 scorpions
  4 centaur zombies
  A bullfrog skeleton (D:6)
  A centaur skeleton (D:6)
  A hound (D:5)
  A human zombie (Ossuary)
  A jelly (D:6)
  2 orc priests (D:4)
  3 iguanas
  An orc wizard (D:4)
  2 ogre zombies (Ossuary)
  2 hound zombies (D:5)
  7 mummies (Ossuary)
  A howler monkey skeleton (D:4)
  An adder (D:2)
  A shadow imp (D:3)
  A white imp (D:4)
  An adder skeleton (D:4)
  2 adder zombies (Ossuary)
  A dart slug (D:4)
  12 orcs
  6 ball pythons
  4 bats
  7 endoplasms
  3 giant cockroaches
  5 goblins
  5 hobgoblins
  4 jackals (D:4)
  2 quokkas
  A frilled lizard (D:1)
  A gnoll zombie (Ossuary)
  6 goblin zombies (Ossuary)
  2 hobgoblin zombies (Ossuary)
  4 kobolds
  3 kobold zombies (Ossuary)
  2 quokka zombies (Ossuary)
  4 rats
  7 rat zombies (Ossuary)
  A butterfly (D:4)
123 creatures vanquished.

Notes
Turn   | Place    | Note
-------+----------+-------------------------------------------
     0 | D:1      | packetloss the Vampire Ice Elementalist began the quest for
                  | the Orb.
     0 | D:1      | Reached XP level 1. HP: 13/13 MP: 3/3
   336 | D:1      | Reached XP level 2. HP: 19/19 MP: 3/5
  1447 | D:2      | Gained mutation: You are afflicted with vampirism and can
                  | become a bat while bloodless. [Vampire growth]
  1447 | D:2      | Reached XP level 3. HP: 24/24 MP: 4/7
  1540 | D:2      | Found a faded altar of an unknown god.
  1945 | D:3      | Learned a level 3 spell: Frozen Ramparts
  1949 | D:3      | Learned a level 3 spell: Ozocubu's Armour
  2171 | D:3      | Reached skill level 3 in Spellcasting
  2734 | D:4      | Found a burning altar of Makhleb.
  2782 | D:4      | Reached XP level 4. HP: 27/30 MP: 2/8
  2784 | D:4      | Reached skill level 1 in Hexes
  2838 | D:4      | Reached skill level 5 in Ice Magic
  2990 | D:4      | Reached skill level 2 in Hexes
  3094 | D:4      | Reached XP level 5. HP: 35/35 MP: 1/10
  3335 | D:4      | Noticed an ogre
  3384 | D:3      | Learned a level 2 spell: Slow
  3430 | D:4      | Found a shimmering altar of Xom.
  3442 | D:4      | Reached skill level 4 in Spellcasting
  3497 | D:5      | Entered Level 5 of the Dungeon
  3510 | D:5      | Found a broken altar of Ashenzari.
  3514 | D:5      | Found an opulent altar of Gozag.
  3515 | D:5      | Found a shimmering blue altar of Sif Muna.
  3515 | D:5      | Found an iron altar of Okawaru.
  3541 | D:4      | HP: 8/35 [white imp/puff of frost (11)]
  3647 | D:5      | Learned a level 3 spell: Confusing Touch
  3672 | D:5      | Noticed a water moccasin
  3757 | D:5      | Noticed an ogre
  3833 | D:5      | Reached skill level 4 in Stealth
  3833 | D:5      | Reached XP level 6. HP: 25/41 MP: 5/12
  3929 | D:5      | Reached skill level 5 in Stealth
  3929 | D:5      | Reached skill level 1 in Fighting
  4140 | D:5      | Became a worshipper of Gozag Ym Sagoz the Greedy
  4166 | D:5      | Noticed a two-headed ogre
  4197 | D:5      | Reached skill level 2 in Fighting
  4652 | D:5      | Reached skill level 1 in Short Blades
  4652 | D:5      | Reached skill level 3 in Hexes
  4715 | D:5      | Noticed a sky beast
  4760 | D:5      | Reached skill level 2 in Short Blades
  4760 | D:5      | Reached XP level 7. HP: 47/50 MP: 4/13
  4839 | D:5      | Reached skill level 4 in Hexes
  4907 | D:6      | Noticed Pikel
  4920 | D:6      | Killed Pikel
  4921 | D:6      | Reached skill level 5 in Hexes
  4921 | D:6      | Reached skill level 7 in Ice Magic
  4921 | D:6      | Reached XP level 8. HP: 56/56 MP: 7/14
  4983 | D:6      | Found a sand-covered staircase.
  5010 | Ossuary  | Entered an ossuary
  5263 | Ossuary  | Reached skill level 8 in Ice Magic
  5657 | Ossuary  | Reached skill level 1 in Maces & Flails
  5856 | D:6      | Reached skill level 2 in Maces & Flails
  5877 | D:6      | Found a sparkling altar of Nemelex Xobeh.
  6054 | D:6      | Reached skill level 9 in Ice Magic
  6088 | D:6      | Noticed Menkaure
  6097 | D:6      | Slain by Menkaure

Illustrated notes

Levels and vault maps discovered:
D:1:      dpeg_arrival_simpleton_a, layout_loops_corners,
          corexii_hall_statues_i, chequers_serial_rivers_large_a
D:2:      wad_pebble_path, layout_loops_ring, basic_ecumenical_altar
D:3:      layout_basic, grunt_decor_resistance, chequers_serial_rivers_marsh
D:4:      layout_rooms, mainiacjoe_overflow_24_doors, xom_butterflies
D:5:      layout_rooms, grunt_temple_overflow_open, kennysheep_windowed_goal
D:6:      layout_cave_pools, mainiacjoe_overflow_boulevard, minitemple,
          serial_rivers, chequers_serial_rivers_micro_d,
          chequers_serial_rivers_micro_d, chequers_serial_rivers_micro_d,
          chequers_serial_rivers_micro_d, chequers_serial_rivers_room_b,
          chequers_serial_rivers_small_3, enter_ossuary_5, uniq_menkaure,
          uniq_duvessa, uniq_pikel

Skill      XL: |  1  2  3  4  5  6  7  8 |
---------------+-------------------------+-----
Spellcasting   | 3 4 |  4.0
Hexes          | 2 3 5 |  5.0
Ice Magic      | 5 7 9 |  9.0
Stealth        | 4 5 |  5.0
Fighting       | 2 |  2.0
Short Blades   | 2 |  2.6
Maces & Flails | 2 |  2.9
Dodging        | |  2.1

Action                   |  1- 3 |  4- 6 |  7- 9 || total
-------------------------+-------+-------+-------++-------
Melee: Unarmed           |     1 |       |       ||     1
       Dagger            |    13 |   115 |    65 ||   193
       Bite              |     2 |    12 |    21 ||    35
       Whip              |       |       |   117 ||   117
 Cast: Freeze            |    59 |     2 |       ||    61
       Frozen Ramparts   |     2 |    18 |    10 ||    30
       Ozocubu's Armour  |       |    10 |    14 ||    24
       Slow              |       |     4 |     1 ||     5
Evoke: Wand              |       |     4 |       ||     4
  Use: Scroll            |       |     2 |     5 ||     7
 Stab: Sleeping          |     1 |     4 |    14 ||    19
Armor: Robe              |    11 |    54 |    57 ||   122
Dodge: Dodged            |    34 |    88 |    81 ||   203
